 Dungeon Crawl Stone Soup version 0.29.1-1-gd02db6906a (webtiles) character file.

Game seed: 1605265579393579390

326 LustLizard the Sneak (level 6, -2/30 HPs)
             Began as a Spriggan Arcane Marksman on Sept 22, 2022.
             Was an Initiate of Dithmenos.
             Killed from afar by Natasha (8 damage)
             ... with a magic dart
             ... on level 4 of the Dungeon.
             The game lasted 00:08:48 (4723 turns).

LustLizard the Sneak (Spriggan Arcane Marksman)     Turns: 4723, Time: 00:08:48

Health: -2/30      AC:  2    Str:  6    XL:     6   Next: 24%
Magic:  18/18      EV: 17    Int: 14    God:    Dithmenos [......]
Gold:   229        SH:  0    Dex: 18    Spells: 3/7 levels left

rFire   . . .      SeeInvis +   a - +1 sling
rCold   . . .      Faith    .   (no shield)
rNeg    . . .      Spirit   .   c - +0 robe
rPois   .          Reflect  .   (helmet restricted)
rElec   .          Harm     .   (no cloak)
rCorr   .          Rampage  .   (gloves unavailable)
Will    +....                   (boots unavailable)
Stlth   +++.......              m - amulet of the acrobat
HPRegen 0.10/turn               u - ring of magical power
MPRegen 0.16/turn               (no ring)

@: very quick
A: very small, no large weapons, unfitting armour, see invisible, speed 3
a: Renounce Religion


You were on level 4 of the Dungeon.
You worshipped Dithmenos.
Dithmenos was noncommittal.
You visited 1 branch of the dungeon, and saw 4 of its levels.

You collected 229 gold pieces.

Inventory:

Hand Weapons
 a - a +1 sling (weapon)
Armour
 c - a +0 robe (worn)
Jewellery
 m - an amulet of the acrobat (around neck)
 u - a ring of magical power (left hand)
Wands
 w - a wand of roots (2)
Scrolls
 b - 3 scrolls of poison
 d - a scroll of butterflies {unknown}
 e - 2 scrolls of magic mapping {unknown}
 f - 2 scrolls of identify {unknown}
 i - 2 scrolls of amnesia
 o - a scroll of noise {unknown}
 r - 2 scrolls of teleportation {unknown}
 s - a scroll of torment {unknown}
 v - a scroll of enchant armour {unknown}
Potions
 g - 3 potions of curing {unknown}
 h - 2 potions of degeneration {unknown}
 j - a potion of flight {unknown}
 k - a potion of resistance {unknown}
 l - a potion of mutation {unknown}
 n - a potion of berserk rage {unknown}
 p - a potion of invisibility
 q - a potion of experience {unknown}
 t - 2 potions of heal wounds {unknown}


   Skills:
 + Level 2.0 Fighting
 * Level 3.8 Ranged Weapons
 - Level 2.6 Dodging
 * Level 5.3 Stealth
 - Level 1.3 Spellcasting
 - Level 4.0 Hexes
 * Level 3.8 Translocations


You had 3 spell levels left.
You knew the following spells:

 Your Spells              Type           Power      Damage    Failure   Level
a - Slow                  Hex            48%        N/A       4%          1
b - Portal Projectile     Hex/Tloc       22%        N/A       16%         3

Your spell library contained the following spells:

 Spells                   Type           Power      Damage    Failure   Level
 Necrotise                Necr           0%         1d4       26%         1
 Inner Flame              Hex/Fire       6%         N/A       32%         3
 Vampiric Draining        Necr           0%         2d6       58%         3
 Cause Fear               Hex            6%         N/A       43%         4
 Agony                    Necr           0%         N/A       100%        5


Dungeon Overview and Level Annotations

Branches:
Dungeon (4/15)             Temple (0/1) D:4

Altars:
Ashenzari
Dithmenos
Elyvilon
Fedhas
Gozag
Uskayaw
Xom

Shops:
D:3 :

Annotations:
D:3 3 runed translucent doors, Braxton's ghost, amateur HuIE; Ijyb
D:4 Natasha


Innate Abilities, Weirdness & Mutations

You are very small and have problems with some larger weapons.
You are too small for most types of armour.
You have supernaturally acute eyesight. (SInv)
You cover ground extremely quickly. (Speed+++)


Message History

Press: ? - help, Q - select action, (/) - cycle Shift-Dir - straight line, f/p - gnoll
Aim: a gnoll, wielding a +0 whip (heavily wounded, 65% to hit)
You shoot a sling bullet. The sling bullet hits the gnoll.
You kill the gnoll!
Dithmenos accepts your kill.
Fire: a) +1 sling
Press: ? - help, Q - select action, (/) - cycle Shift-Dir - straight line, f - you
Okay, then.
There is an open door here.
There is an open door here.
Natasha, Servant of Life and Death comes into view.
You shoot a sling bullet.
Natasha hisses angrily.
The sling bullet hits Natasha.
Natasha is moderately wounded.
You shoot a sling bullet. The sling bullet hits Natasha.
Natasha is moderately wounded.
You shoot a sling bullet. The sling bullet hits Natasha.
Natasha is heavily wounded.
You shoot a sling bullet. The sling bullet misses Natasha.
You shoot a sling bullet. The sling bullet hits Natasha.
Natasha is severely wounded.
Natasha claws you!
You shoot a sling bullet.
The sling bullet hits Natasha but does no damage.
Natasha is severely wounded.
Natasha claws you. Natasha casts a spell at you. The magic dart hits you!
* * * LOW HITPOINT WARNING * * *
Fire: a) +1 sling
Press: ? - help, Q - select action, (/) - cycle Shift-Dir - straight line, f/p - Natasha
Aim: Natasha (severely wounded, 55% to hit)
You shoot a sling bullet.
The sling bullet closely misses Natasha.
Natasha howls an incantation.
You feel disoriented. Natasha casts a spell at you. The magic dart hits you!
You die...

...# #.....#....#......
...# #.....#....#......
...# #.....#....#.<....
...# #.....#....'......
...# #.....#....#......
...# #...).#....#......
#.....#....#......
#######.....#...######'#
.......@...##...###.....
.......h..)#......#.....
...........#......#.....
...........#......#.....
...........#......#.....
...........#.##...#.....
.........######...#.....
.........#........#.....
#........#.....


You could see Natasha.

Vanquished Creatures
  An ogre (D:4)
  An iguana (D:4)
  Natasha (twice) (D:4)
  Robin (D:3)
  3 gnolls (D:4)
  3 adders
  An ufetubus (D:4)
  9 ball pythons
  12 bats
  8 endoplasms
  3 giant cockroaches
  6 goblins
  8 hobgoblins
  12 jackals
  10 kobolds
  3 quokkas
  A frilled lizard (D:1)
  7 rats
91 creatures vanquished.

Vanquished Creatures (others)
  A plant (D:4)
1 creature vanquished.

Grand Total: 92 creatures vanquished

Notes
Turn   | Place    | Note
-------+----------+-------------------------------------------
     0 | D:1      | LustLizard the Spriggan Arcane Marksman began the quest for
                  | the Orb.
     0 | D:1      | Reached XP level 1. HP: 9/9 MP: 3/3
    90 | D:1      | Reached skill level 1 in Stealth
   150 | D:1      | Reached skill level 1 in Fighting
   174 | D:1      | Reached XP level 2. HP: 4/14 MP: 3/5
   440 | D:1      | Found a faded altar of an unknown god.
   573 | D:1      | Reached skill level 2 in Stealth
   808 | D:1      | Reached XP level 3. HP: 18/18 MP: 6/6
  1700 | D:2      | Reached skill level 3 in Stealth
  1798 | D:2      | Learned a level 3 spell: Portal Projectile
  2289 | D:2      | Reached XP level 4. HP: 22/22 MP: 7/7
  2591 | D:3      | Found an opulent altar of Gozag.
  2652 | D:3      | Found a blossoming altar of Fedhas.
  2699 | D:3      | Reached skill level 1 in Translocations
  2883 | D:3      | Found a hide-covered altar of Uskayaw.
  2888 | D:3      | Found a broken altar of Ashenzari.
  2890 | D:3      | Found a shimmering altar of Xom.
  3125 | D:3      | Noticed Braxton's ghost (amateur HuIE)
  3166 | D:3      | Found Xuodet's Book Emporium.
  3378 | D:3      | Noticed Robin
  3417 | D:3      | Killed Robin
  3494 | D:3      | Found a runed translucent gate.
  3495 | D:3      | Found a runed translucent gate.
  3499 | D:3      | Found a runed translucent gate.
  3521 | D:3      | Noticed Ijyb
  3968 | D:4      | Found a shadowy altar of Dithmenos.
  3968 | D:4      | Found a white marble altar of Elyvilon.
  3973 | D:4      | Became a worshipper of Dithmenos the Shadowed
  3981 | D:4      | Noticed an ogre
  4038 | D:4      | Killed an ogre
  4039 | D:4      | Reached skill level 4 in Stealth
  4039 | D:4      | Reached XP level 5. HP: 26/26 MP: 8/8
  4151 | D:4      | Found a staircase to the Ecumenical Temple.
  4186 | D:4      | Noticed Natasha
  4198 | D:4      | Killed Natasha
  4265 | D:4      | Reached skill level 5 in Stealth
  4327 | D:4      | Noticed Natasha
  4335 | D:4      | Killed Natasha
  4336 | D:4      | Reached XP level 6. HP: 30/30 MP: 9/9
  4716 | D:4      | Noticed Natasha
  4723 | D:4      | Killed from afar by Natasha

Illustrated notes

Levels and vault maps discovered:
D:1:      elethiomel_arrival_maze, layout_basic,
          hellmonk_ecumenical_altar_heavens_door, amethyst_killhole,
          roderic_lattice_a, minmay_misc_feat_pillars, dk_noncrumbling_2
D:2:      layout_loops_corners
D:3:      layout_basic, gammafunk_temple_overflow_forgotten, fedhas_altar_1,
          grunt_gozag_statues, gammafunk_ghost_icy, serial_shops, shop,
          uniq_robin, uniq_ijyb
D:4:      layout_gridville, jmf_multi_god_temple, minmay_temple_entry_overgrown,
          uniq_natasha, uniq_duvessa

Skill      XL: |  1  2  3  4  5 |
---------------+----------------+-----
Stealth        | 1 2 3 4 5 |  5.3
Fighting       | 1 2 |  2.0
Hexes          | 4 |  4.0
Translocations | 2 3 |  3.8
Ranged Weapons | 3 |  3.8
Dodging        | |  2.6
Spellcasting   | |  1.3

Action                   |  1- 3 |  4- 6 || total
-------------------------+-------+-------++-------
 Fire: Sling             |   154 |   137 ||   291
 Cast: Slow              |     1 |     3 ||     4
  Use: Scroll            |       |     1 ||     1
Armor: Robe              |    10 |     1 ||    11
Dodge: Dodged            |    77 |    25 ||   102
